[ PARTIDA AOE2 · #484443814 ]
UnrankedJaponeses vs Wu
[ ANÁLISIS DE REPETICIÓN · EXTRAÍDO DE LA PARTIDA GRABADA ]
Feudal
14:18
Castillos
24:03
Imperial
40:30
| APM promedio | 23.4 |
| APM pico | 53 |
| eAPM promedio | 10.0 |
| Aldeanos / militares | 72 / 90 |
Foco
⚔️ 34.6% · 🌾 65.4%
Skirmisher ×35 · Cavalry Archer ×29 · Fishing Ship ×13 · Fire Galley ×11 · Trebuchet (Packed) ×6 · Galley ×5
Feudal
15:25
Castillos
24:12
Imperial
43:22
| APM promedio | 29.0 |
| APM pico | 73 |
| eAPM promedio | 10.3 |
| Aldeanos / militares | 51 / 24 |
Foco
⚔️ 28.1% · 🌾 71.9%
Unknown (1968) ×47 · Fishing Ship ×20 · Militia ×9 · Spearman ×6 · Monk ×4 · Fire Galley ×3
Feudal
15:45
Castillos
23:55
Imperial
37:42
| APM promedio | 22.1 |
| APM pico | 77 |
| eAPM promedio | 16.1 |
| Aldeanos / militares | 82 / 112 |
Foco
⚔️ 34.1% · 🌾 65.9%
Battle Elephant ×25 · Knight ×24 · Spearman ×11 · Fishing Ship ×10 · Militia ×9 · Scorpion ×9
Feudal
15:50
Castillos
23:03
Imperial
36:55
| APM promedio | 19.4 |
| APM pico | 43 |
| eAPM promedio | 12.1 |
| Aldeanos / militares | 71 / 54 |
Foco
⚔️ 22.5% · 🌾 77.5%
Fire Galley ×19 · Fishing Ship ×19 · Militia ×14 · Organ Gun ×7 · Scout Cavalry ×6 · Knight ×4
Feudal
16:17
Castillos
21:32
Imperial
44:10
| APM promedio | 19.1 |
| APM pico | 48 |
| eAPM promedio | 12.9 |
| Aldeanos / militares | 100 / 46 |
Foco
⚔️ 25.4% · 🌾 74.6%
Fishing Ship ×14 · Spearman ×11 · Mangonel ×10 · Knight ×8 · Battle Elephant ×5 · Petard ×4
Feudal
13:48
Castillos
22:54
Imperial
—
| APM promedio | 7.8 |
| APM pico | 20 |
| eAPM promedio | 6.3 |
| Aldeanos / militares | 55 / 12 |
Foco
⚔️ 17.8% · 🌾 82.2%
Knight ×12
Feudal
15:34
Castillos
25:56
Imperial
—
| APM promedio | 24.5 |
| APM pico | 58 |
| eAPM promedio | 15.1 |
| Aldeanos / militares | 153 / 107 |
Foco
⚔️ 25.6% · 🌾 74.4%
Knight ×59 · Longbowman ×34 · Battering Ram ×4 · Archer ×3 · Skirmisher ×3 · Scout Cavalry ×3
Feudal
18:39
Castillos
27:44
Imperial
34:33
| APM promedio | 15.5 |
| APM pico | 39 |
| eAPM promedio | 10.1 |
| Aldeanos / militares | 68 / 46 |
Foco
⚔️ 31.6% · 🌾 68.4%
Rattan Archer ×38 · Fishing Ship ×16 · Unknown (2626) ×9 · Archer ×4 · Bombard Cannon ×2 · Demolition Raft ×2
Mapa de la partida
Recursos iniciales + cada clic de construcción. Líneas = muros · curvas = relieve. ◆ oro · ⬟ piedra · ● bayas · ✦ reliquia · ◌ hueco del cierre
Tu base· Abierta — hueco de 10t
Base de danny dillinger· Abierta — hueco de 6t
Base de ElGongo· Abierta — hueco de 8t
Base de Keyser_Soze· Abierta — flanco sin cerrar
Base de Vlad· Abierta — hueco de 15t
Base de Dohko de Libra· Abierta — flanco sin cerrar
Base de Johnny· Abierta — flanco sin cerrar
Base de 将军楼上请· Abierta — flanco sin cerrar
Terreno inicial suavizado · ◌ = hueco del cierre detectado · pasá el cursor para detalles
Inputs por minuto
— fransl33 - - danny dillinger
Build order — fransl33
Primeras 150 de 260 acciones detectadas
| 0:50 | Construir | Town Center |
| 2:07 | Construir | Dock |
| 2:15 | Construir | House |
| 3:10 | Crear | Villager (Male) |
| 3:10 | Crear | Villager (Male) |
| 3:11 | Crear | Villager (Male) |
| 3:11 | Crear | Villager (Male) |
| 3:11 | Crear | Villager (Male) |
| 3:12 | Crear | Villager (Male) |
| 4:11 | Crear | Fishing Ship |
| 4:40 | Construir | House |
| 4:54 | Investigar | Loom |
| 5:18 | Crear | Villager (Male) |
| 5:18 | Crear | Villager (Male) |
| 5:29 | Crear | Fishing Ship |
| 6:10 | Crear | Villager (Male) |
| 6:10 | Crear | Villager (Male) |
| 6:16 | Crear | Fishing Ship |
| 6:59 | Crear | Villager (Male) |
| 7:12 | Construir | House |
| 7:28 | Crear | Fishing Ship |
| 7:42 | Construir | House |
| 7:58 | Crear | Villager (Male) |
| 7:58 | Crear | Villager (Male) |
| 7:58 | Crear | Villager (Male) |
| 8:24 | Crear | Villager (Male) |
| 8:39 | Crear | Villager (Male) |
| 8:54 | Crear | Villager (Male) |
| 9:02 | Crear | Villager (Male) |
| 9:02 | Crear | Villager (Male) |
| 9:24 | Crear | Villager (Male) |
| 10:26 | Construir | Lumber Camp |
| 10:40 | Crear | Fishing Ship |
| 11:06 | Crear | Villager (Male) |
| 11:07 | Crear | Villager (Male) |
| 11:46 | Construir | Mill |
| 11:52 | Construir | Mining Camp |
| 11:57 | Investigar | Feudal Age |
| 12:09 | Construir | House |
| 12:44 | Construir | Dock |
| 12:48 | Construir | House |
| 13:04 | Construir | Barracks |
| 13:33 | Crear | Fishing Ship |
| 14:18 | Edad | Edad Feudal |
| 14:28 | Investigar | Double-Bit Axe |
| 14:32 | Crear | Fire Galley |
| 14:32 | Crear | Fire Galley |
| 14:32 | Crear | Fire Galley |
| 14:37 | Crear | Villager (Male) |
| 14:37 | Crear | Villager (Male) |
| 14:37 | Crear | Villager (Male) |
| 15:03 | Crear | Fire Galley |
| 15:03 | Crear | Fire Galley |
| 15:08 | Crear | Villager (Male) |
| 15:20 | Investigar | Gold Mining |
| 15:44 | Crear | Fire Galley |
| 15:47 | Crear | Villager (Male) |
| 16:04 | Construir | House |
| 16:05 | Construir | House |
| 16:24 | Crear | Villager (Male) |
| 16:40 | Construir | House |
| 16:42 | Construir | House |
| 17:03 | Crear | Villager (Male) |
| 17:06 | Crear | Villager (Male) |
| 17:09 | Construir | Archery Range |
| 17:42 | Construir | Mill |
| 17:51 | Crear | Villager (Male) |
| 17:52 | Crear | Villager (Male) |
| 17:58 | Crear | Fishing Ship |
| 17:58 | Crear | Fishing Ship |
| 17:59 | Crear | Fishing Ship |
| 17:59 | Crear | Fishing Ship |
| 18:42 | Construir | Market |
| 19:00 | Construir | Blacksmith |
| 19:03 | Crear | Villager (Male) |
| 19:03 | Crear | Villager (Male) |
| 19:55 | Crear | Galley |
| 19:55 | Crear | Galley |
| 19:56 | Crear | Galley |
| 19:56 | Crear | Galley |
| 19:56 | Crear | Galley |
| 20:30 | Construir | House |
| 20:51 | Crear | Unit 2626 |
| 21:23 | Investigar | Castle Age |
| 21:27 | Construir | House |
| 21:29 | Construir | House |
| 21:31 | Construir | House |
| 21:36 | Investigar | Fletching |
| 23:41 | Crear | Fire Galley |
| 23:41 | Crear | Fire Galley |
| 23:41 | Crear | Fire Galley |
| 23:41 | Crear | Fire Galley |
| 23:42 | Crear | Fire Galley |
| 24:02 | Construir | Mining Camp |
| 24:03 | Edad | Edad de los Castillos |
| 24:15 | Crear | Cavalry Archer |
| 24:15 | Crear | Cavalry Archer |
| 24:16 | Crear | Cavalry Archer |
| 24:16 | Crear | Cavalry Archer |
| 24:24 | Construir | Archery Range |
| 24:30 | Crear | Villager (Male) |
| 24:30 | Crear | Villager (Male) |
| 24:30 | Crear | Villager (Male) |
| 24:31 | Crear | Villager (Male) |
| 24:56 | Construir | Dock |
| 24:59 | Construir | House |
| 25:06 | Crear | Villager (Male) |
| 25:06 | Crear | Villager (Male) |
| 25:12 | Crear | Cavalry Archer |
| 25:12 | Crear | Cavalry Archer |
| 25:17 | Crear | Villager (Male) |
| 25:17 | Crear | Villager (Male) |
| 25:25 | Investigar | Bodkin Arrow |
| 25:33 | Construir | Stable |
| 25:38 | Crear | Villager (Male) |
| 25:39 | Crear | Villager (Male) |
| 25:44 | Investigar | Gold Shaft Mining |
| 25:49 | Investigar | Bow Saw |
| 26:22 | Investigar | War Galley (upgrade) |
| 26:24 | Investigar | Tech 905 |
| 26:25 | Investigar | Tech 906 |
| 26:30 | Crear | Fishing Ship |
| 26:30 | Crear | Fishing Ship |
| 26:30 | Crear | Fishing Ship |
| 26:52 | Investigar | Bloodlines |
| 26:52 | Crear | Villager (Male) |
| 26:53 | Crear | Villager (Male) |
| 26:53 | Crear | Villager (Male) |
| 27:08 | Construir | House |
| 27:45 | Crear | Cavalry Archer |
| 27:45 | Crear | Cavalry Archer |
| 27:45 | Crear | Cavalry Archer |
| 27:46 | Crear | Cavalry Archer |
| 27:47 | Crear | Villager (Male) |
| 27:47 | Crear | Villager (Male) |
| 28:27 | Construir | House |
| 29:09 | Crear | Cavalry Archer |
| 29:09 | Crear | Cavalry Archer |
| 29:10 | Crear | Cavalry Archer |
| 30:44 | Construir | Farm |
| 30:45 | Construir | Farm |
| 30:45 | Construir | Farm |
| 30:45 | Construir | Farm |
| 30:45 | Construir | Farm |
| 30:46 | Construir | Farm |
| 30:46 | Construir | Farm |
| 31:10 | Crear | Villager (Male) |
| 31:10 | Crear | Villager (Male) |
| 31:10 | Crear | Villager (Male) |
| 31:19 | Construir | Lumber Camp |
Build order — danny dillinger
Primeras 150 de 206 acciones detectadas
| 0:25 | Construir | House |
| 0:27 | Construir | House |
| 1:32 | Construir | Town Center |
| 2:50 | Construir | Dock |
| 4:05 | Crear | Villager (Male) |
| 4:06 | Crear | Villager (Male) |
| 4:51 | Crear | Villager (Male) |
| 5:09 | Crear | Villager (Male) |
| 5:09 | Crear | Villager (Male) |
| 5:10 | Crear | Villager (Male) |
| 5:10 | Crear | Villager (Male) |
| 5:55 | Crear | Villager (Male) |
| 5:56 | Crear | Villager (Male) |
| 6:53 | Crear | Villager (Male) |
| 6:53 | Crear | Villager (Male) |
| 7:24 | Crear | Villager (Male) |
| 7:48 | Construir | House |
| 7:49 | Construir | House |
| 7:57 | Crear | Villager (Male) |
| 7:57 | Crear | Villager (Male) |
| 8:13 | Crear | Villager (Male) |
| 8:57 | Construir | Mill |
| 9:08 | Crear | Villager (Male) |
| 9:57 | Crear | Villager (Male) |
| 10:01 | Crear | Fishing Ship |
| 10:01 | Crear | Fishing Ship |
| 10:05 | Crear | Fishing Ship |
| 10:21 | Crear | Villager (Male) |
| 11:04 | Crear | Villager (Male) |
| 11:20 | Construir | House |
| 11:24 | Construir | House |
| 11:40 | Crear | Villager (Male) |
| 11:45 | Crear | Fishing Ship |
| 11:45 | Crear | Fishing Ship |
| 12:03 | Construir | Mining Camp |
| 12:28 | Crear | Villager (Male) |
| 12:33 | Investigar | Loom |
| 13:15 | Investigar | Feudal Age |
| 13:51 | Construir | Barracks |
| 14:00 | Crear | Fishing Ship |
| 14:08 | Crear | Fishing Ship |
| 14:50 | Crear | Militia |
| 15:25 | Edad | Edad Feudal |
| 15:30 | Crear | Villager (Male) |
| 15:32 | Crear | Villager (Male) |
| 15:52 | Crear | Villager (Male) |
| 16:06 | Construir | Market |
| 16:11 | Construir | Blacksmith |
| 16:39 | Crear | Fire Galley |
| 16:40 | Crear | Fire Galley |
| 17:00 | Crear | Villager (Male) |
| 17:07 | Crear | Villager (Male) |
| 17:29 | Construir | Mining Camp |
| 17:39 | Crear | Villager (Male) |
| 17:48 | Investigar | Tech 906 |
| 18:16 | Construir | House |
| 18:18 | Construir | House |
| 18:25 | Construir | Farm |
| 18:26 | Construir | Farm |
| 18:27 | Construir | Farm |
| 18:29 | Construir | Farm |
| 18:31 | Construir | Farm |
| 18:38 | Crear | Villager (Male) |
| 19:05 | Crear | Fishing Ship |
| 19:55 | Crear | Fire Galley |
| 21:05 | Crear | Villager (Male) |
| 21:19 | Construir | Barracks |
| 21:20 | Construir | Barracks |
| 21:32 | Investigar | Castle Age |
| 21:35 | Investigar | Forging |
| 22:07 | Investigar | Scale Mail Armor |
| 23:55 | Construir | Farm |
| 23:55 | Construir | Farm |
| 23:57 | Construir | Farm |
| 24:04 | Crear | Militia |
| 24:05 | Crear | Militia |
| 24:05 | Crear | Militia |
| 24:05 | Crear | Militia |
| 24:05 | Crear | Militia |
| 24:06 | Crear | Militia |
| 24:12 | Edad | Edad de los Castillos |
| 24:41 | Construir | Castle |
| 24:46 | Crear | Villager (Male) |
| 25:29 | Crear | Villager (Male) |
| 25:30 | Crear | Villager (Male) |
| 25:50 | Construir | Monastery |
| 26:07 | Construir | Dock |
| 26:33 | Construir | Dock |
| 26:42 | Crear | Unit 1968 |
| 26:42 | Crear | Unit 1968 |
| 26:43 | Crear | Unit 1968 |
| 27:05 | Crear | Spearman |
| 27:05 | Crear | Spearman |
| 27:06 | Crear | Spearman |
| 27:06 | Crear | Spearman |
| 27:07 | Crear | Spearman |
| 27:08 | Crear | Spearman |
| 27:39 | Crear | Monk |
| 27:40 | Investigar | Fervor |
| 27:45 | Investigar | Chain Mail Armor |
| 28:08 | Investigar | Arson |
| 28:15 | Crear | Villager (Male) |
| 28:26 | Construir | Dock |
| 28:33 | Crear | Fishing Ship |
| 28:33 | Crear | Fishing Ship |
| 29:08 | Construir | Castle |
| 29:11 | Crear | Villager (Male) |
| 29:12 | Crear | Villager (Male) |
| 29:50 | Crear | Fishing Ship |
| 29:50 | Crear | Fishing Ship |
| 29:56 | Construir | Town Center |
| 30:10 | Investigar | Man-at-Arms (upgrade) |
| 30:11 | Crear | Militia |
| 30:12 | Crear | Militia |
| 31:08 | Investigar | Gold Mining |
| 31:11 | Crear | Villager (Male) |
| 31:12 | Crear | Villager (Male) |
| 31:53 | Crear | Fishing Ship |
| 31:56 | Crear | Fishing Ship |
| 32:11 | Investigar | Gillnets |
| 32:27 | Investigar | Fletching |
| 32:28 | Investigar | Padded Archer Armor |
| 33:01 | Crear | Monk |
| 34:35 | Crear | Unit 1968 |
| 34:35 | Crear | Unit 1968 |
| 34:35 | Crear | Unit 1968 |
| 34:35 | Crear | Unit 1968 |
| 34:40 | Crear | Unit 1968 |
| 34:44 | Investigar | Tech 1080 |
| 34:46 | Crear | Villager (Male) |
| 34:47 | Crear | Villager (Male) |
| 35:22 | Crear | Demolition Raft |
| 35:25 | Crear | Demolition Raft |
| 35:31 | Crear | Fishing Ship |
| 35:31 | Crear | Fishing Ship |
| 35:43 | Crear | Fishing Ship |
| 35:44 | Crear | Fishing Ship |
| 36:23 | Construir | Lumber Camp |
| 36:35 | Crear | Villager (Male) |
| 36:35 | Crear | Villager (Male) |
| 36:38 | Crear | Villager (Male) |
| 37:27 | Construir | Stable |
| 37:31 | Crear | Villager (Male) |
| 37:37 | Crear | Fishing Ship |
| 37:38 | Crear | Fishing Ship |
| 38:14 | Crear | Unit 1944 |
| 38:32 | Crear | Unit 1968 |
| 38:32 | Crear | Unit 1968 |
| 38:33 | Crear | Unit 1968 |
| 38:33 | Crear | Unit 1968 |
Build order — ElGongo
Primeras 150 de 328 acciones detectadas
| 1:05 | Construir | Town Center |
| 1:40 | Construir | Dock |
| 1:43 | Construir | House |
| 1:44 | Construir | House |
| 3:35 | Crear | Villager (Male) |
| 3:35 | Crear | Villager (Male) |
| 3:35 | Crear | Villager (Male) |
| 3:36 | Crear | Villager (Male) |
| 3:36 | Crear | Villager (Male) |
| 3:36 | Crear | Villager (Male) |
| 3:37 | Investigar | Loom |
| 5:09 | Crear | Villager (Male) |
| 5:09 | Crear | Villager (Male) |
| 5:43 | Crear | Villager (Male) |
| 5:44 | Crear | Villager (Male) |
| 5:53 | Crear | Fishing Ship |
| 6:08 | Crear | Villager (Male) |
| 6:08 | Crear | Villager (Male) |
| 7:04 | Crear | Villager (Male) |
| 7:05 | Crear | Villager (Male) |
| 7:21 | Crear | Villager (Male) |
| 7:57 | Construir | House |
| 8:00 | Construir | House |
| 8:08 | Crear | Fishing Ship |
| 8:08 | Crear | Fishing Ship |
| 8:12 | Crear | Villager (Male) |
| 8:12 | Crear | Villager (Male) |
| 8:25 | Crear | Villager (Male) |
| 8:26 | Crear | Villager (Male) |
| 8:52 | Crear | Fishing Ship |
| 8:57 | Crear | Villager (Male) |
| 8:57 | Crear | Villager (Male) |
| 9:41 | Crear | Villager (Male) |
| 9:41 | Crear | Villager (Male) |
| 9:41 | Crear | Villager (Male) |
| 9:42 | Crear | Villager (Male) |
| 9:42 | Crear | Villager (Male) |
| 9:45 | Construir | Lumber Camp |
| 10:21 | Crear | Villager (Male) |
| 10:29 | Crear | Fishing Ship |
| 10:46 | Crear | Villager (Male) |
| 10:53 | Construir | House |
| 11:20 | Construir | Mill |
| 11:42 | Construir | House |
| 11:49 | Construir | House |
| 11:50 | Construir | House |
| 12:35 | Crear | Villager (Male) |
| 12:36 | Crear | Villager (Male) |
| 12:40 | Construir | House |
| 12:45 | Construir | Palisade Gate |
| 12:53 | Construir | House |
| 13:01 | Construir | Palisade Wall |
| 13:07 | Crear | Villager (Male) |
| 13:20 | Crear | Villager (Male) |
| 13:55 | Investigar | Feudal Age |
| 14:05 | Construir | Barracks |
| 14:45 | Construir | Palisade Gate |
| 14:54 | Construir | Palisade Wall |
| 14:55 | Construir | Palisade Wall |
| 15:29 | Crear | Militia |
| 15:30 | Crear | Militia |
| 15:31 | Crear | Militia |
| 15:45 | Edad | Edad Feudal |
| 15:54 | Construir | Watch Tower |
| 16:13 | Crear | Villager (Male) |
| 16:14 | Crear | Villager (Male) |
| 16:14 | Crear | Villager (Male) |
| 16:18 | Investigar | Double-Bit Axe |
| 16:23 | Crear | Fishing Ship |
| 16:23 | Crear | Fishing Ship |
| 17:08 | Construir | Mining Camp |
| 17:34 | Crear | Villager (Male) |
| 17:34 | Crear | Villager (Male) |
| 17:35 | Crear | Villager (Male) |
| 18:01 | Construir | Market |
| 18:06 | Construir | Blacksmith |
| 18:11 | Crear | Villager (Male) |
| 18:26 | Construir | Palisade Gate |
| 18:28 | Construir | House |
| 18:31 | Construir | House |
| 18:38 | Construir | Palisade Wall |
| 18:40 | Crear | Villager (Male) |
| 19:25 | Construir | Archery Range |
| 20:01 | Crear | Militia |
| 20:02 | Crear | Militia |
| 20:09 | Crear | Villager (Male) |
| 20:10 | Crear | Villager (Male) |
| 20:10 | Crear | Villager (Male) |
| 20:27 | Construir | Palisade Gate |
| 20:29 | Construir | Palisade Gate |
| 20:35 | Construir | House |
| 20:38 | Crear | Villager (Male) |
| 20:54 | Crear | Archer |
| 20:54 | Crear | Archer |
| 20:55 | Crear | Archer |
| 20:55 | Crear | Archer |
| 20:55 | Crear | Archer |
| 21:15 | Crear | Fire Galley |
| 21:15 | Crear | Fire Galley |
| 21:15 | Crear | Fire Galley |
| 21:29 | Construir | Dock |
| 21:36 | Investigar | Gold Mining |
| 21:57 | Construir | House |
| 22:07 | Construir | Lumber Camp |
| 22:11 | Construir | House |
| 22:19 | Investigar | Castle Age |
| 22:19 | Investigar | Castle Age |
| 22:35 | Crear | Fishing Ship |
| 22:55 | Crear | Archer |
| 22:56 | Crear | Archer |
| 23:52 | Construir | Mining Camp |
| 23:55 | Edad | Edad de los Castillos |
| 24:05 | Crear | Villager (Male) |
| 24:05 | Crear | Villager (Male) |
| 24:10 | Construir | Farm |
| 24:11 | Construir | Farm |
| 24:12 | Construir | Farm |
| 24:12 | Construir | Farm |
| 24:15 | Construir | Farm |
| 24:35 | Construir | Stable |
| 24:41 | Construir | Farm |
| 24:44 | Construir | Farm |
| 25:00 | Investigar | Man-at-Arms (upgrade) |
| 25:06 | Crear | Knight |
| 25:22 | Construir | Monastery |
| 25:34 | Crear | Fire Galley |
| 25:34 | Crear | Fire Galley |
| 25:39 | Investigar | Tech 905 |
| 25:52 | Crear | Monk |
| 26:03 | Construir | Town Center |
| 26:07 | Investigar | Stone Mining |
| 26:10 | Crear | Villager (Male) |
| 26:11 | Crear | Villager (Male) |
| 26:15 | Investigar | Bow Saw |
| 26:18 | Investigar | Forging |
| 26:57 | Construir | Barracks |
| 27:00 | Construir | Town Center |
| 27:09 | Investigar | Long Swordsman (upgrade) |
| 27:13 | Investigar | Padded Archer Armor |
| 27:13 | Investigar | Iron Casting |
| 27:16 | Crear | Villager (Male) |
| 27:17 | Crear | Villager (Male) |
| 27:24 | Crear | Fire Galley |
| 27:25 | Crear | Fire Galley |
| 27:36 | Crear | Fishing Ship |
| 27:36 | Crear | Fishing Ship |
| 28:06 | Crear | Villager (Male) |
| 28:08 | Crear | Villager (Male) |
| 28:13 | Crear | Villager (Male) |
| 28:13 | Crear | Villager (Male) |
Build order — Keyser_Soze
Primeras 150 de 222 acciones detectadas
| 1:03 | Construir | Town Center |
| 1:29 | Construir | Dock |
| 2:14 | Construir | House |
| 2:37 | Construir | House |
| 3:19 | Crear | Villager (Male) |
| 3:20 | Crear | Villager (Male) |
| 3:20 | Crear | Villager (Male) |
| 3:20 | Crear | Villager (Male) |
| 3:22 | Investigar | Loom |
| 4:14 | Crear | Villager (Male) |
| 5:19 | Crear | Villager (Male) |
| 5:31 | Construir | House |
| 6:33 | Crear | Villager (Male) |
| 6:33 | Crear | Villager (Male) |
| 6:46 | Crear | Villager (Male) |
| 7:20 | Crear | Villager (Male) |
| 7:20 | Crear | Villager (Male) |
| 7:27 | Crear | Villager (Male) |
| 7:27 | Crear | Villager (Male) |
| 7:41 | Construir | House |
| 7:50 | Crear | Villager (Male) |
| 7:50 | Crear | Villager (Male) |
| 8:00 | Crear | Villager (Male) |
| 8:12 | Construir | Mill |
| 9:27 | Crear | Villager (Male) |
| 9:27 | Crear | Villager (Male) |
| 10:25 | Crear | Villager (Male) |
| 10:26 | Crear | Villager (Male) |
| 10:26 | Crear | Villager (Male) |
| 10:41 | Construir | Lumber Camp |
| 10:44 | Crear | Villager (Male) |
| 10:45 | Crear | Villager (Male) |
| 11:45 | Crear | Villager (Male) |
| 11:46 | Crear | Villager (Male) |
| 12:04 | Construir | House |
| 12:06 | Construir | House |
| 12:11 | Crear | Fishing Ship |
| 12:11 | Crear | Fishing Ship |
| 13:15 | Construir | Dock |
| 13:32 | Construir | Mill |
| 13:40 | Investigar | Feudal Age |
| 14:02 | Crear | Fishing Ship |
| 14:03 | Crear | Fishing Ship |
| 14:33 | Crear | Fishing Ship |
| 14:34 | Crear | Fishing Ship |
| 15:06 | Construir | Mining Camp |
| 15:50 | Edad | Edad Feudal |
| 15:52 | Crear | Villager (Male) |
| 15:53 | Crear | Villager (Male) |
| 15:53 | Crear | Villager (Male) |
| 15:53 | Crear | Villager (Male) |
| 15:53 | Crear | Villager (Male) |
| 16:03 | Construir | Barracks |
| 16:13 | Investigar | Double-Bit Axe |
| 16:28 | Investigar | Horse Collar |
| 16:40 | Crear | Fire Galley |
| 16:51 | Investigar | Man-at-Arms (upgrade) |
| 17:21 | Construir | House |
| 17:30 | Construir | House |
| 17:31 | Construir | House |
| 17:36 | Crear | Fire Galley |
| 18:35 | Construir | Stable |
| 18:46 | Crear | Spearman |
| 18:47 | Crear | Spearman |
| 19:14 | Construir | Blacksmith |
| 19:28 | Crear | Fire Galley |
| 19:28 | Crear | Fire Galley |
| 19:28 | Crear | Fire Galley |
| 19:50 | Construir | Watch Tower |
| 20:07 | Crear | Fire Galley |
| 20:16 | Investigar | Fletching |
| 20:23 | Investigar | Castle Age |
| 20:37 | Investigar | Gold Mining |
| 21:01 | Crear | Scout Cavalry |
| 21:01 | Crear | Scout Cavalry |
| 21:09 | Crear | Fire Galley |
| 21:40 | Crear | Fire Galley |
| 21:48 | Investigar | Forging |
| 22:21 | Crear | Fire Galley |
| 22:22 | Crear | Fire Galley |
| 23:03 | Edad | Edad de los Castillos |
| 23:07 | Investigar | War Galley (upgrade) |
| 23:09 | Crear | Villager (Male) |
| 23:09 | Crear | Villager (Male) |
| 23:09 | Crear | Villager (Male) |
| 23:21 | Construir | Town Center |
| 23:25 | Crear | Knight |
| 23:25 | Crear | Knight |
| 23:47 | Investigar | Bodkin Arrow |
| 24:01 | Construir | Watch Tower |
| 24:08 | Crear | Fire Galley |
| 24:13 | Construir | House |
| 24:33 | Construir | House |
| 24:35 | Construir | House |
| 25:11 | Crear | Villager (Male) |
| 25:12 | Crear | Villager (Male) |
| 25:12 | Crear | Villager (Male) |
| 25:12 | Crear | Villager (Male) |
| 25:36 | Crear | Villager (Male) |
| 25:37 | Crear | Villager (Male) |
| 25:37 | Crear | Villager (Male) |
| 25:42 | Construir | Farm |
| 25:45 | Construir | Farm |
| 26:03 | Construir | Dock |
| 26:06 | Investigar | Tech 906 |
| 26:24 | Crear | Villager (Male) |
| 26:25 | Crear | Villager (Male) |
| 26:25 | Crear | Villager (Male) |
| 27:39 | Construir | Market |
| 27:42 | Investigar | Wheelbarrow |
| 27:43 | Crear | Villager (Male) |
| 27:43 | Crear | Villager (Male) |
| 27:44 | Crear | Villager (Male) |
| 28:00 | Construir | Town Center |
| 28:18 | Construir | Watch Tower |
| 28:24 | Investigar | Gillnets |
| 28:32 | Crear | Fire Galley |
| 28:32 | Crear | Fire Galley |
| 29:17 | Crear | Fire Galley |
| 29:18 | Crear | Fire Galley |
| 29:18 | Crear | Fire Galley |
| 29:57 | Crear | Fishing Ship |
| 29:58 | Crear | Fishing Ship |
| 30:10 | Crear | Villager (Male) |
| 30:10 | Crear | Villager (Male) |
| 30:19 | Construir | Monastery |
| 31:21 | Crear | Fire Galley |
| 31:21 | Crear | Fire Galley |
| 31:21 | Crear | Fire Galley |
| 31:38 | Construir | University |
| 31:40 | Investigar | Bow Saw |
| 31:49 | Construir | Castle |
| 32:01 | Construir | Farm |
| 32:01 | Construir | Farm |
| 32:02 | Construir | Farm |
| 32:49 | Construir | Farm |
| 33:18 | Construir | Archery Range |
| 33:22 | Construir | Stable |
| 33:28 | Construir | Farm |
| 33:38 | Construir | Farm |
| 33:45 | Investigar | Imperial Age |
| 34:22 | Investigar | Husbandry |
| 34:30 | Crear | Organ Gun |
| 34:30 | Crear | Organ Gun |
| 34:31 | Crear | Organ Gun |
| 34:31 | Crear | Organ Gun |
| 35:04 | Investigar | Elite Skirmisher (upgrade) |
| 35:32 | Crear | Villager (Male) |
| 35:32 | Crear | Villager (Male) |
| 35:32 | Crear | Villager (Male) |
Build order — Vlad
Primeras 150 de 237 acciones detectadas
| 0:30 | Construir | Town Center |
| 1:12 | Construir | Lumber Camp |
| 2:06 | Construir | House |
| 2:54 | Crear | Villager (Male) |
| 2:54 | Crear | Villager (Male) |
| 2:55 | Crear | Villager (Male) |
| 2:55 | Crear | Villager (Male) |
| 2:55 | Crear | Villager (Male) |
| 4:10 | Crear | Villager (Male) |
| 4:11 | Crear | Villager (Male) |
| 4:52 | Construir | House |
| 4:55 | Crear | Villager (Male) |
| 4:55 | Crear | Villager (Male) |
| 5:28 | Construir | House |
| 5:39 | Crear | Villager (Male) |
| 5:40 | Crear | Villager (Male) |
| 6:05 | Crear | Villager (Male) |
| 6:05 | Crear | Villager (Male) |
| 6:35 | Crear | Villager (Male) |
| 6:35 | Crear | Villager (Male) |
| 7:00 | Crear | Villager (Male) |
| 7:00 | Crear | Villager (Male) |
| 7:27 | Construir | House |
| 7:28 | Crear | Villager (Male) |
| 7:28 | Crear | Villager (Male) |
| 7:51 | Crear | Villager (Male) |
| 7:51 | Crear | Villager (Male) |
| 8:43 | Construir | Dock |
| 8:53 | Crear | Villager (Male) |
| 8:53 | Crear | Villager (Male) |
| 9:27 | Crear | Villager (Male) |
| 9:27 | Crear | Villager (Male) |
| 9:54 | Crear | Fishing Ship |
| 9:54 | Crear | Fishing Ship |
| 9:59 | Crear | Villager (Male) |
| 9:59 | Crear | Villager (Male) |
| 9:59 | Crear | Villager (Male) |
| 10:17 | Crear | Villager (Male) |
| 10:31 | Crear | Villager (Male) |
| 10:31 | Crear | Villager (Male) |
| 10:44 | Crear | Fishing Ship |
| 11:31 | Crear | Fishing Ship |
| 11:41 | Crear | Villager (Male) |
| 12:05 | Construir | House |
| 12:54 | Construir | Mill |
| 12:56 | Crear | Villager (Male) |
| 13:04 | Crear | Fishing Ship |
| 13:22 | Crear | Villager (Male) |
| 13:47 | Investigar | Loom |
| 13:49 | Investigar | Feudal Age |
| 14:19 | Crear | Fishing Ship |
| 14:19 | Crear | Fishing Ship |
| 14:26 | Construir | House |
| 14:58 | Construir | House |
| 15:46 | Construir | Mining Camp |
| 16:17 | Edad | Edad Feudal |
| 16:23 | Crear | Villager (Male) |
| 16:42 | Investigar | Wheelbarrow |
| 17:11 | Crear | Fishing Ship |
| 17:11 | Crear | Fishing Ship |
| 17:38 | Construir | Mining Camp |
| 17:49 | Construir | House |
| 17:58 | Investigar | Horse Collar |
| 18:52 | Investigar | Castle Age |
| 19:20 | Construir | Lumber Camp |
| 19:37 | Construir | Dock |
| 19:44 | Investigar | Gold Mining |
| 19:45 | Investigar | Stone Mining |
| 20:05 | Crear | Fishing Ship |
| 20:05 | Crear | Fishing Ship |
| 20:18 | Crear | Fishing Ship |
| 20:18 | Crear | Fishing Ship |
| 20:27 | Construir | House |
| 20:36 | Investigar | Double-Bit Axe |
| 20:49 | Construir | Stable |
| 20:59 | Construir | House |
| 21:01 | Crear | Fishing Ship |
| 21:32 | Edad | Edad de los Castillos |
| 21:41 | Investigar | Bow Saw |
| 21:47 | Investigar | Bloodlines |
| 22:07 | Construir | Town Center |
| 22:28 | Crear | Villager (Male) |
| 22:37 | Crear | Knight |
| 22:38 | Crear | Knight |
| 23:03 | Construir | Siege Workshop |
| 23:14 | Crear | Villager (Male) |
| 23:14 | Crear | Villager (Male) |
| 23:15 | Crear | Villager (Male) |
| 23:15 | Crear | Villager (Male) |
| 23:39 | Construir | Blacksmith |
| 23:57 | Crear | Knight |
| 24:06 | Crear | Mangonel |
| 24:24 | Crear | Villager (Male) |
| 24:24 | Crear | Villager (Male) |
| 24:24 | Crear | Villager (Male) |
| 24:38 | Investigar | Forging |
| 24:43 | Construir | Farm |
| 25:03 | Crear | Battle Elephant |
| 25:03 | Crear | Battle Elephant |
| 25:27 | Construir | Castle |
| 25:37 | Crear | Villager (Male) |
| 25:37 | Crear | Villager (Male) |
| 25:37 | Crear | Villager (Male) |
| 25:37 | Crear | Villager (Male) |
| 26:38 | Crear | Battle Elephant |
| 26:41 | Crear | Villager (Male) |
| 26:41 | Crear | Villager (Male) |
| 27:06 | Investigar | Fletching |
| 27:57 | Construir | Siege Workshop |
| 27:58 | Crear | Villager (Male) |
| 27:59 | Crear | Villager (Male) |
| 27:59 | Crear | Villager (Male) |
| 27:59 | Crear | Villager (Male) |
| 28:00 | Crear | Villager (Male) |
| 28:22 | Construir | Farm |
| 28:23 | Construir | Farm |
| 28:24 | Construir | Farm |
| 28:25 | Construir | Farm |
| 28:31 | Crear | Mangonel |
| 28:46 | Construir | Stable |
| 28:55 | Investigar | Bodkin Arrow |
| 28:57 | Crear | Knight |
| 29:18 | Crear | Knight |
| 29:19 | Crear | Knight |
| 30:23 | Crear | Battle Elephant |
| 30:23 | Crear | Battle Elephant |
| 30:45 | Construir | Barracks |
| 30:46 | Crear | Villager (Male) |
| 30:47 | Crear | Villager (Male) |
| 30:47 | Crear | Villager (Male) |
| 30:47 | Crear | Villager (Male) |
| 30:48 | Crear | Villager (Male) |
| 31:10 | Crear | Mangonel |
| 31:10 | Crear | Mangonel |
| 31:46 | Investigar | Hand Cart |
| 32:28 | Construir | Castle |
| 32:52 | Investigar | Pikeman (upgrade) |
| 33:09 | Crear | Villager (Male) |
| 33:23 | Construir | Town Center |
| 33:47 | Crear | Spearman |
| 33:47 | Crear | Spearman |
| 34:01 | Crear | Petard |
| 34:01 | Crear | Petard |
| 34:01 | Crear | Petard |
| 34:02 | Crear | Petard |
| 34:07 | Crear | Battering Ram |
| 34:28 | Crear | Spearman |
| 34:39 | Crear | Battering Ram |
| 34:45 | Crear | Villager (Male) |
| 34:46 | Crear | Villager (Male) |
Build order — Dohko de Libra
108 acciones detectadas en el replay
| 0:46 | Construir | Town Center |
| 2:58 | Crear | Villager (Male) |
| 2:58 | Crear | Villager (Male) |
| 2:59 | Crear | Villager (Male) |
| 2:59 | Crear | Villager (Male) |
| 2:59 | Crear | Villager (Male) |
| 4:08 | Crear | Villager (Male) |
| 4:40 | Crear | Villager (Male) |
| 4:56 | Crear | Villager (Male) |
| 6:02 | Crear | Villager (Male) |
| 6:02 | Crear | Villager (Male) |
| 6:04 | Crear | Villager (Male) |
| 6:04 | Crear | Villager (Male) |
| 6:32 | Construir | Mill |
| 6:42 | Construir | Mill |
| 6:52 | Investigar | Loom |
| 7:15 | Crear | Villager (Male) |
| 7:16 | Crear | Villager (Male) |
| 7:17 | Crear | Villager (Male) |
| 7:20 | Crear | Villager (Male) |
| 8:25 | Crear | Villager (Male) |
| 8:26 | Crear | Villager (Male) |
| 8:27 | Crear | Villager (Male) |
| 8:30 | Crear | Villager (Male) |
| 8:30 | Crear | Villager (Male) |
| 8:38 | Construir | Mining Camp |
| 9:13 | Crear | Villager (Male) |
| 9:14 | Crear | Villager (Male) |
| 9:27 | Crear | Villager (Male) |
| 9:27 | Crear | Villager (Male) |
| 9:28 | Crear | Villager (Male) |
| 11:38 | Investigar | Feudal Age |
| 11:53 | Crear | Villager (Male) |
| 12:01 | Construir | Barracks |
| 12:49 | Crear | Villager (Male) |
| 13:29 | Crear | Villager (Male) |
| 13:48 | Edad | Edad Feudal |
| 14:24 | Investigar | Horse Collar |
| 14:36 | Investigar | Wheelbarrow |
| 15:17 | Construir | Mill |
| 15:24 | Crear | Villager (Male) ×5 |
| 16:49 | Construir | Blacksmith |
| 16:53 | Construir | Farm |
| 17:10 | Crear | Villager (Male) |
| 17:12 | Construir | Farm |
| 17:35 | Construir | Farm |
| 17:40 | Investigar | Scale Barding Armor |
| 17:40 | Investigar | Forging |
| 18:08 | Construir | Stable |
| 18:23 | Construir | Lumber Camp |
| 18:45 | Construir | Farm |
| 19:01 | Construir | Farm |
| 19:09 | Construir | Farm |
| 19:28 | Construir | Farm |
| 19:49 | Construir | Farm |
| 20:14 | Investigar | Castle Age |
| 20:14 | Investigar | Castle Age |
| 20:26 | Construir | Stable |
| 20:47 | Crear | Villager (Male) ×3 |
| 21:12 | Investigar | Bloodlines |
| 21:12 | Investigar | Bloodlines |
| 21:39 | Construir | Farm |
| 21:41 | Construir | Farm |
| 21:43 | Construir | Farm |
| 21:44 | Construir | Farm |
| 21:47 | Construir | Farm |
| 22:05 | Investigar | Gold Mining |
| 22:54 | Edad | Edad de los Castillos |
| 22:55 | Investigar | Husbandry |
| 22:56 | Crear | Knight |
| 22:57 | Crear | Knight |
| 23:22 | Crear | Knight |
| 23:46 | Crear | Villager (Male) |
| 23:46 | Crear | Villager (Male) |
| 23:46 | Crear | Villager (Male) |
| 23:46 | Crear | Villager (Male) |
| 23:58 | Crear | Knight |
| 24:32 | Investigar | Hand Cart |
| 25:42 | Crear | Knight ×2 |
| 26:11 | Crear | Knight |
| 26:11 | Crear | Knight |
| 26:21 | Construir | Town Center |
| 26:23 | Crear | Villager (Male) ×5 |
| 26:57 | Construir | Lumber Camp |
| 27:06 | Construir | Mining Camp |
| 27:10 | Construir | Mining Camp |
| 28:06 | Investigar | Heavy Plow |
| 28:08 | Investigar | Double-Bit Axe |
| 28:16 | Crear | Villager (Male) ×5 |
| 28:31 | Investigar | Chain Barding Armor |
| 28:48 | Construir | Farm |
| 28:50 | Construir | Farm |
| 29:20 | Construir | Farm |
| 29:34 | Crear | Knight ×2 |
| 29:34 | Crear | Knight ×2 |
| 30:22 | Construir | Farm |
| 30:35 | Construir | Castle |
| 31:20 | Construir | Farm |
| 31:20 | Construir | Farm |
| 31:20 | Construir | Farm |
| 31:21 | Construir | Farm |
| 32:24 | Crear | Villager (Male) ×2 |
| 33:14 | Investigar | Fletching |
| 36:35 | Investigar | Bodkin Arrow |
| 38:47 | Construir | Market |
| 44:44 | Crear | Villager (Male) |
| 46:39 | Construir | Mining Camp |
| 46:56 | Construir | Lumber Camp |
Build order — Johnny
Primeras 150 de 381 acciones detectadas
| 1:34 | Construir | Town Center |
| 2:33 | Construir | House |
| 2:35 | Construir | House |
| 2:47 | Construir | House |
| 2:49 | Construir | House |
| 3:21 | Crear | Villager (Male) |
| 3:22 | Crear | Villager (Male) |
| 3:22 | Crear | Villager (Male) |
| 3:22 | Crear | Villager (Male) |
| 4:30 | Crear | Villager (Male) |
| 4:30 | Crear | Villager (Male) |
| 5:11 | Crear | Villager (Male) |
| 5:44 | Crear | Villager (Male) |
| 5:53 | Investigar | Loom |
| 6:34 | Construir | Mill |
| 6:43 | Crear | Villager (Male) |
| 7:04 | Crear | Villager (Male) |
| 7:17 | Crear | Villager (Male) |
| 7:34 | Construir | Mill |
| 7:40 | Crear | Villager (Male) |
| 8:00 | Crear | Villager (Male) |
| 8:05 | Construir | House |
| 8:10 | Construir | House |
| 8:11 | Crear | Villager (Male) |
| 8:35 | Crear | Villager (Male) |
| 8:54 | Construir | House |
| 8:58 | Crear | Villager (Male) |
| 9:46 | Crear | Villager (Male) |
| 9:58 | Crear | Villager (Male) |
| 10:10 | Crear | Villager (Male) |
| 10:21 | Construir | Lumber Camp |
| 10:22 | Crear | Villager (Male) |
| 11:25 | Crear | Villager (Male) |
| 11:52 | Crear | Villager (Male) |
| 11:58 | Construir | Mill |
| 12:15 | Crear | Villager (Male) |
| 12:32 | Crear | Villager (Male) |
| 12:52 | Crear | Villager (Male) |
| 13:15 | Investigar | Feudal Age |
| 13:15 | Crear | Villager (Male) |
| 13:40 | Construir | Lumber Camp |
| 13:53 | Construir | Lumber Camp |
| 13:54 | Crear | Villager (Male) |
| 14:08 | Construir | Farm |
| 14:16 | Crear | Villager (Male) |
| 14:20 | Construir | Farm |
| 14:35 | Crear | Villager (Male) |
| 14:57 | Construir | Farm |
| 15:34 | Edad | Edad Feudal |
| 15:51 | Crear | Villager (Male) |
| 15:52 | Crear | Villager (Male) |
| 15:52 | Crear | Villager (Male) |
| 15:57 | Investigar | Wheelbarrow |
| 15:58 | Crear | Villager (Male) |
| 15:58 | Crear | Villager (Male) |
| 15:59 | Crear | Villager (Male) |
| 15:59 | Crear | Villager (Male) |
| 15:59 | Investigar | Double-Bit Axe |
| 16:04 | Crear | Villager (Male) |
| 17:22 | Crear | Villager (Male) |
| 17:48 | Construir | Mining Camp |
| 17:51 | Construir | Farm |
| 17:53 | Construir | Farm |
| 17:54 | Construir | Farm |
| 17:56 | Construir | Farm |
| 17:58 | Construir | Farm |
| 18:00 | Investigar | Horse Collar |
| 18:03 | Construir | Farm |
| 18:07 | Construir | Farm |
| 18:21 | Investigar | Town Watch |
| 18:26 | Construir | House |
| 18:29 | Construir | House |
| 18:30 | Crear | Villager (Male) |
| 18:41 | Crear | Villager (Male) |
| 18:52 | Crear | Villager (Male) |
| 19:01 | Crear | Villager (Male) |
| 19:33 | Construir | Barracks |
| 19:35 | Crear | Villager (Male) |
| 19:37 | Investigar | Gold Mining |
| 19:40 | Crear | Villager (Male) |
| 20:03 | Construir | Farm |
| 20:06 | Construir | Farm |
| 20:21 | Construir | Archery Range |
| 20:22 | Crear | Villager (Male) |
| 20:39 | Construir | Market |
| 20:40 | Crear | Villager (Male) |
| 20:55 | Crear | Villager (Male) |
| 21:13 | Construir | Farm |
| 21:17 | Crear | Villager (Male) |
| 21:22 | Construir | House |
| 21:23 | Construir | House |
| 21:25 | Construir | House |
| 21:26 | Crear | Villager (Male) |
| 21:40 | Construir | Archery Range |
| 21:45 | Construir | Palisade Wall |
| 21:45 | Crear | Villager (Male) |
| 21:54 | Crear | Villager (Male) |
| 22:04 | Construir | Farm |
| 22:05 | Construir | Farm |
| 22:06 | Construir | Farm |
| 22:08 | Construir | Farm |
| 22:11 | Crear | Villager (Male) |
| 22:27 | Construir | Mining Camp |
| 22:54 | Investigar | Castle Age |
| 22:55 | Crear | Villager (Male) |
| 23:00 | Construir | Stable |
| 23:00 | Crear | Villager (Male) |
| 23:07 | Construir | Palisade Wall |
| 23:21 | Construir | House |
| 23:23 | Construir | House |
| 23:24 | Construir | House |
| 23:26 | Construir | House |
| 23:27 | Construir | House |
| 23:29 | Construir | House |
| 23:31 | Crear | Villager (Male) |
| 23:38 | Construir | Palisade Wall |
| 23:38 | Crear | Villager (Male) |
| 23:40 | Crear | Villager (Male) |
| 23:44 | Crear | Scout Cavalry |
| 23:51 | Crear | Skirmisher |
| 23:52 | Crear | Skirmisher |
| 23:52 | Crear | Skirmisher |
| 23:58 | Crear | Archer |
| 23:58 | Crear | Archer |
| 23:59 | Crear | Archer |
| 24:00 | Crear | Villager (Male) |
| 24:04 | Crear | Scout Cavalry |
| 24:09 | Crear | Spearman |
| 24:15 | Construir | House |
| 24:17 | Construir | House |
| 24:18 | Construir | House |
| 24:19 | Construir | House |
| 24:21 | Construir | House |
| 24:22 | Crear | Villager (Male) |
| 24:42 | Construir | Mill |
| 25:12 | Crear | Villager (Male) |
| 25:37 | Crear | Villager (Male) |
| 25:42 | Construir | House |
| 25:43 | Construir | House |
| 25:43 | Construir | House |
| 25:56 | Edad | Edad de los Castillos |
| 25:59 | Construir | Town Center |
| 26:02 | Crear | Villager (Male) |
| 26:07 | Investigar | Town Patrol |
| 26:10 | Investigar | Hand Cart |
| 26:12 | Investigar | Bow Saw |
| 26:31 | Investigar | Gold Shaft Mining |
| 26:42 | Construir | Town Center |
| 26:43 | Crear | Villager (Male) |
| 26:51 | Crear | Villager (Male) |
Build order — 将军楼上请
Primeras 150 de 238 acciones detectadas
| 3:15 | Construir | Town Center |
| 3:23 | Construir | Town Center |
| 5:11 | Crear | Villager (Male) |
| 5:11 | Investigar | Loom |
| 5:11 | Crear | Villager (Male) |
| 5:12 | Crear | Villager (Male) |
| 5:12 | Crear | Villager (Male) |
| 5:12 | Crear | Villager (Male) |
| 5:24 | Construir | House |
| 5:25 | Construir | House |
| 5:28 | Construir | House |
| 5:29 | Construir | House |
| 7:08 | Crear | Villager (Male) |
| 7:53 | Crear | Villager (Male) |
| 7:53 | Crear | Villager (Male) |
| 8:03 | Construir | Lumber Camp |
| 8:12 | Crear | Villager (Male) |
| 8:12 | Crear | Villager (Male) |
| 8:46 | Crear | Villager (Male) |
| 8:46 | Crear | Villager (Male) |
| 8:55 | Crear | Villager (Male) |
| 9:37 | Crear | Villager (Male) |
| 9:37 | Crear | Villager (Male) |
| 9:37 | Crear | Villager (Male) |
| 10:03 | Crear | Villager (Male) |
| 10:04 | Crear | Villager (Male) |
| 10:23 | Construir | Dock |
| 10:52 | Crear | Villager (Male) |
| 10:52 | Crear | Villager (Male) |
| 10:52 | Crear | Villager (Male) |
| 10:57 | Construir | House |
| 10:59 | Construir | House |
| 11:36 | Crear | Villager (Male) |
| 11:36 | Crear | Villager (Male) |
| 11:37 | Crear | Villager (Male) |
| 11:37 | Crear | Villager (Male) |
| 11:43 | Crear | Fishing Ship |
| 12:23 | Construir | House |
| 12:25 | Construir | House |
| 12:52 | Crear | Villager (Male) |
| 12:53 | Crear | Villager (Male) |
| 12:53 | Crear | Villager (Male) |
| 13:11 | Crear | Villager (Male) |
| 13:12 | Crear | Villager (Male) |
| 13:13 | Crear | Villager (Male) |
| 13:14 | Crear | Fishing Ship |
| 13:15 | Crear | Fishing Ship |
| 13:25 | Crear | Fishing Ship |
| 14:44 | Crear | Villager (Male) |
| 14:45 | Crear | Villager (Male) |
| 14:45 | Crear | Villager (Male) |
| 14:58 | Crear | Fishing Ship |
| 14:59 | Crear | Fishing Ship |
| 14:59 | Crear | Fishing Ship |
| 15:39 | Construir | Dock |
| 16:29 | Investigar | Feudal Age |
| 16:32 | Crear | Fishing Ship |
| 16:35 | Crear | Fishing Ship |
| 17:47 | Construir | Mining Camp |
| 18:01 | Crear | Fishing Ship |
| 18:07 | Crear | Fishing Ship |
| 18:39 | Edad | Edad Feudal |
| 18:41 | Crear | Villager (Male) |
| 18:41 | Crear | Villager (Male) |
| 18:41 | Crear | Villager (Male) |
| 18:50 | Investigar | Gold Mining |
| 18:53 | Investigar | Tech 906 |
| 18:56 | Investigar | Double-Bit Axe |
| 19:08 | Construir | Mill |
| 19:16 | Crear | Fishing Ship |
| 19:21 | Crear | Fishing Ship |
| 19:49 | Construir | Stone Wall |
| 19:56 | Construir | Stone Wall |
| 20:00 | Crear | Villager (Male) |
| 20:01 | Crear | Villager (Male) |
| 20:01 | Crear | Villager (Male) |
| 20:23 | Crear | Villager (Male) |
| 20:30 | Construir | House |
| 20:31 | Construir | House |
| 20:47 | Construir | Gate |
| 20:50 | Construir | Stone Wall |
| 21:16 | Crear | Villager (Male) |
| 21:19 | Crear | Fishing Ship |
| 21:19 | Crear | Fishing Ship |
| 21:25 | Crear | Fishing Ship |
| 21:39 | Construir | Blacksmith |
| 21:53 | Construir | Market |
| 21:56 | Crear | Villager (Male) |
| 21:56 | Crear | Villager (Male) |
| 21:59 | Investigar | Stone Mining |
| 22:02 | Construir | Mining Camp |
| 22:42 | Construir | Lumber Camp |
| 22:49 | Crear | Villager (Male) |
| 23:18 | Construir | Stone Wall |
| 23:22 | Construir | Stone Wall |
| 23:29 | Crear | Villager (Male) |
| 23:30 | Crear | Villager (Male) |
| 23:30 | Crear | Villager (Male) |
| 23:30 | Crear | Villager (Male) |
| 23:49 | Construir | Dock |
| 24:17 | Construir | Gate |
| 24:21 | Construir | Stone Wall |
| 24:27 | Construir | Stone Wall |
| 24:37 | Construir | Stone Wall |
| 24:40 | Construir | Gate |
| 25:04 | Investigar | Castle Age |
| 25:26 | Investigar | Horse Collar |
| 25:31 | Construir | Farm |
| 25:33 | Construir | Farm |
| 25:34 | Construir | Farm |
| 25:35 | Construir | Farm |
| 25:36 | Construir | Farm |
| 25:37 | Construir | Farm |
| 25:38 | Construir | Farm |
| 25:40 | Construir | Farm |
| 25:52 | Construir | Barracks |
| 26:09 | Construir | Stone Wall |
| 26:29 | Crear | Demolition Raft |
| 26:30 | Crear | Demolition Raft |
| 26:54 | Construir | House |
| 26:56 | Construir | House |
| 26:57 | Construir | House |
| 26:58 | Construir | House |
| 27:44 | Edad | Edad de los Castillos |
| 27:46 | Crear | Villager (Male) |
| 27:47 | Crear | Villager (Male) |
| 27:51 | Construir | Archery Range |
| 27:55 | Crear | Villager (Male) |
| 27:56 | Investigar | Bow Saw |
| 27:58 | Investigar | Gillnets |
| 28:05 | Investigar | Stone Shaft Mining |
| 28:40 | Construir | Castle |
| 28:57 | Crear | Villager (Male) |
| 29:10 | Construir | University |
| 29:16 | Construir | Monastery |
| 29:25 | Investigar | Padded Archer Armor |
| 29:32 | Investigar | Crossbowman (upgrade) |
| 29:32 | Investigar | Thumb Ring |
| 29:41 | Crear | Villager (Male) |
| 29:41 | Crear | Villager (Male) |
| 29:59 | Construir | Lumber Camp |
| 30:30 | Construir | Castle |
| 31:09 | Investigar | Treadmill Crane |
| 31:23 | Investigar | Imperial Age |
| 31:26 | Investigar | Fletching |
| 31:27 | Investigar | Leather Archer Armor |
| 31:39 | Investigar | Heavy Plow |
| 32:10 | Construir | Mining Camp |
| 32:12 | Construir | Archery Range |
| 32:14 | Construir | Archery Range |
Cronología de la partida
| 1:29 | Keyser_Soze · first_building Dock |
| 1:40 | ElGongo · first_building Dock |
| 2:07 | fransl33 · first_building Dock |
| 2:50 | danny dillinger · first_building Dock |
| 8:43 | Vlad · first_building Dock |
| 10:23 | 将军楼上请 · first_building Dock |
| 12:01 | Dohko de Libra · first_building Barracks |
| 13:01 | ElGongo · wall_segment Palisade Wall x3 |
| 13:04 | fransl33 · first_building Barracks |
| 13:48 | Dohko de Libra · age_up feudal |
| 13:51 | danny dillinger · first_building Barracks |
| 14:05 | ElGongo · first_building Barracks |
| 14:18 | fransl33 · age_up feudal |
| 14:54 | ElGongo · wall_segment Palisade Wall x1 |
| 14:55 | ElGongo · wall_segment Palisade Wall x1 |
| 15:25 | danny dillinger · age_up feudal |
| 15:34 | Johnny · age_up feudal |
| 15:45 | ElGongo · age_up feudal |
| 15:50 | Keyser_Soze · age_up feudal |
| 16:03 | Keyser_Soze · first_building Barracks |
| 16:17 | Vlad · age_up feudal |
| 17:09 | fransl33 · first_building Archery Range |
| 18:08 | Dohko de Libra · first_building Stable |
| 18:35 | Keyser_Soze · first_building Stable |
| 18:38 | ElGongo · wall_segment Palisade Wall x1 |
| 18:39 | 将军楼上请 · age_up feudal |
| 19:25 | ElGongo · first_building Archery Range |
| 19:33 | Johnny · first_building Barracks |
| 19:49 | 将军楼上请 · wall_segment Stone Wall x1 |
| 19:56 | 将军楼上请 · wall_segment Stone Wall x14 |
| 20:21 | Johnny · first_building Archery Range |
| 20:49 | Vlad · first_building Stable |
| 20:50 | 将军楼上请 · wall_segment Stone Wall x2 |
| 21:32 | Vlad · age_up castle |
| 21:45 | Johnny · wall_segment Palisade Wall x6 |
| 22:54 | Dohko de Libra · age_up castle |
| 23:00 | Johnny · first_building Stable |
| 23:03 | Vlad · first_building Siege Workshop |
| 23:03 | Keyser_Soze · age_up castle |
| 23:07 | Johnny · wall_segment Palisade Wall x9 |
| 23:18 | 将军楼上请 · wall_segment Stone Wall x3 |
| 23:22 | 将军楼上请 · wall_segment Stone Wall x2 |
| 23:38 | Johnny · wall_segment Palisade Wall x5 |
| 23:55 | ElGongo · age_up castle |
| 24:03 | fransl33 · age_up castle |
| 24:12 | danny dillinger · age_up castle |
| 24:21 | 将军楼上请 · wall_segment Stone Wall x9 |
| 24:27 | 将军楼上请 · wall_segment Stone Wall x7 |
| 24:35 | ElGongo · first_building Stable |
| 24:37 | 将军楼上请 · wall_segment Stone Wall x9 |
| 24:41 | danny dillinger · first_building Castle |
| 25:22 | ElGongo · first_building Monastery |
| 25:27 | Vlad · first_building Castle |
| 25:33 | fransl33 · first_building Stable |
| 25:50 | danny dillinger · first_building Monastery |
| 25:52 | 将军楼上请 · first_building Barracks |
| 25:56 | Johnny · age_up castle |
| 26:09 | 将军楼上请 · wall_segment Stone Wall x7 |
| 26:38 | Johnny · first_market_buy 100 wood |
| 27:44 | 将军楼上请 · age_up castle |
| 27:51 | 将军楼上请 · first_building Archery Range |
| 28:40 | 将军楼上请 · first_building Castle |
| 29:16 | 将军楼上请 · first_building Monastery |
| 30:19 | Keyser_Soze · first_building Monastery |
| 30:35 | Dohko de Libra · first_building Castle |
| 30:45 | Vlad · first_building Barracks |
| 30:57 | Johnny · first_market_sell 100 wood |
| 31:26 | Keyser_Soze · first_market_buy 100 food |
| 31:49 | Keyser_Soze · first_building Castle |
| 32:18 | 将军楼上请 · first_building Stable |
| 33:18 | Keyser_Soze · first_building Archery Range |
| 34:06 | Johnny · first_building Castle |
| 34:15 | ElGongo · first_building Castle |
| 34:33 | 将军楼上请 · age_up imperial |
| 35:03 | ElGongo · first_building Siege Workshop |
| 35:24 | fransl33 · first_building Monastery |
| 35:25 | 将军楼上请 · first_market_sell 100 wood |
| 36:55 | Keyser_Soze · age_up imperial |
| 37:27 | danny dillinger · first_building Stable |
| 37:42 | ElGongo · age_up imperial |
| 37:57 | fransl33 · first_building Castle |
| 38:30 | ElGongo · tribute_sent a jugador 1 |
| 38:30 | ElGongo · tribute_sent a jugador 3 |
| 38:30 | ElGongo · tribute_sent a jugador 4 |
| 38:30 | ElGongo · tribute_sent a jugador 5 |
| 38:30 | ElGongo · tribute_sent a jugador 6 |
| 38:30 | ElGongo · tribute_sent a jugador 7 |
| 38:30 | ElGongo · tribute_sent a jugador 8 |
| 39:12 | 将军楼上请 · first_building Siege Workshop |
| 39:17 | Dohko de Libra · tribute_sent a jugador 1 |
| 39:17 | Dohko de Libra · tribute_sent a jugador 2 |
| 39:17 | Dohko de Libra · tribute_sent a jugador 3 |
| 39:17 | Dohko de Libra · tribute_sent a jugador 4 |
| 39:17 | Dohko de Libra · tribute_sent a jugador 5 |
| 39:17 | Dohko de Libra · tribute_sent a jugador 7 |
| 39:17 | Dohko de Libra · tribute_sent a jugador 8 |
| 40:07 | danny dillinger · first_market_sell 100 food |
| 40:30 | fransl33 · age_up imperial |
| 41:09 | Dohko de Libra · tribute_sent a jugador 1 |
| 41:09 | Dohko de Libra · tribute_sent a jugador 2 |
| 41:09 | Dohko de Libra · tribute_sent a jugador 3 |
| 41:09 | Dohko de Libra · tribute_sent a jugador 4 |
| 41:09 | Dohko de Libra · tribute_sent a jugador 5 |
| 41:09 | Dohko de Libra · tribute_sent a jugador 7 |
| 41:09 | Dohko de Libra · tribute_sent a jugador 8 |
| 42:10 | Dohko de Libra · tribute_sent a jugador 1 |
| 42:10 | Dohko de Libra · tribute_sent a jugador 2 |
| 42:10 | Dohko de Libra · tribute_sent a jugador 3 |
| 42:10 | Dohko de Libra · tribute_sent a jugador 4 |
| 42:10 | Dohko de Libra · tribute_sent a jugador 5 |
| 42:10 | Dohko de Libra · tribute_sent a jugador 7 |
| 42:10 | Dohko de Libra · tribute_sent a jugador 8 |
| 42:45 | Keyser_Soze · first_building Siege Workshop |
| 43:22 | danny dillinger · age_up imperial |
| 43:28 | 将军楼上请 · first_market_buy 100 stone |
| 43:32 | Dohko de Libra · tribute_sent a jugador 1 |
| 43:32 | Dohko de Libra · tribute_sent a jugador 2 |
| 43:32 | Dohko de Libra · tribute_sent a jugador 3 |
| 43:32 | Dohko de Libra · tribute_sent a jugador 4 |
| 43:32 | Dohko de Libra · tribute_sent a jugador 5 |
| 43:32 | Dohko de Libra · tribute_sent a jugador 7 |
| 43:32 | Dohko de Libra · tribute_sent a jugador 8 |
| 44:10 | Vlad · age_up imperial |
| 45:14 | Dohko de Libra · tribute_sent a jugador 1 |
| 45:14 | Dohko de Libra · tribute_sent a jugador 2 |
| 45:14 | Dohko de Libra · tribute_sent a jugador 3 |
| 45:14 | Dohko de Libra · tribute_sent a jugador 4 |
| 45:14 | Dohko de Libra · tribute_sent a jugador 5 |
| 45:14 | Dohko de Libra · tribute_sent a jugador 7 |
| 45:14 | Dohko de Libra · tribute_sent a jugador 8 |
| 45:24 | fransl33 · first_market_sell 100 wood |
| 45:39 | Johnny · first_building Siege Workshop |
| 47:22 | Dohko de Libra · tribute_sent a jugador 1 |
| 47:22 | Dohko de Libra · tribute_sent a jugador 2 |
| 47:22 | Dohko de Libra · tribute_sent a jugador 3 |
| 47:22 | Dohko de Libra · tribute_sent a jugador 4 |
| 47:22 | Dohko de Libra · tribute_sent a jugador 5 |
| 47:22 | Dohko de Libra · tribute_sent a jugador 7 |
| 47:22 | Dohko de Libra · tribute_sent a jugador 8 |
| 47:26 | danny dillinger · resign |
[ ANÁLISIS IA · 1 CRÉDITO ]
¿Qué pasó realmente en esta partida?
Wolo.gg analiza cada decisión: build order, eco, micro, errores típicos por bracket. Análisis personalizado por WhatsApp o Discord en 30 segundos.
Guía civ
Japoneses
Perfil
Jugador #2016377